 Dungeon Crawl Stone Soup version 0.19.1-1-g22dce08 (webtiles) character file.

21 empire the Conjurer (level 2, -1/11 HPs)
             Began as a Felid Conjurer on Jan 6, 2017.
             Killed from afar by Natasha (7 damage)
             ... with a magic dart
             ... on level 2 of the Dungeon.
             The game lasted 00:02:17 (1327 turns).

empire the Conjurer (Felid Conjurer)                Turns: 1327, Time: 00:02:17

Health: -1/11      AC:  1    Str:  4    XL:     2   Next: 65%
Magic:  0/6        EV: 18    Int: 16    God:
Gold:   94         SH:  0    Dex: 16    Spells: 1 memorised, 5 levels left
                                        Lives:  0   Deaths: 0

rFire  . . .     SeeInvis +     (weapon unavailable)
rCold  . . .     Gourm    .     (armour unavailable)
rNeg   . . .     Faith    .     (shield unavailable)
rPois  .         Spirit   .     (helmet unavailable)
rElec  .         Reflect  .     (cloak unavailable)
rCorr  .         Harm     .     (gloves unavailable)
MR     .....                    (boots unavailable)
Stlth  +++.......               c - amulet of inaccuracy (curse)
                                (no ring)
                                (no ring)

@: quick
A: no armour, no weapons or thrown items, stealth, claws 1, fangs 3, see
invisible, carnivore 3, speed 1, shaggy fur 1, slow metabolism 1, sharp paws
a: no special abilities


You were on level 2 of the Dungeon.
You were very full.

You visited 1 branch of the dungeon, and saw 2 of its levels.

You collected 94 gold pieces.

Inventory:

Jewellery
 c - a cursed amulet of inaccuracy (around neck)
 e - an uncursed ring of protection from magic {unknown}
Scrolls
 d - a scroll of fog {unknown}
 f - a scroll of identify {unknown}
Books
 a - a book of Conjurations

   Spells                             Type                      Level
   a - Magic Dart                     Conjuration                  1
   b - Searing Ray                    Conjuration                  2
   c - Dazzling Spray                 Conjuration/Hexes            3
   d - Fulminant Prism                Conjuration/Hexes            4
   e - Iskenderun's Mystic Blast      Conjuration                  4
   f - Iskenderun's Battlesphere      Conjuration/Charms           5
Comestibles
 b - a meat ration


   Skills:
 - Level 2.6 Dodging
 - Level 2.6 Stealth
 + Level 2.6 Spellcasting
 + Level 4.0 Conjurations


You had 5 spell levels left.
You knew the following spells:

 Your Spells              Type           Power        Failure   Level  Hunger
a - Magic Dart            Conj           ##..         4%          1    #......


Dungeon Overview and Level Annotations

Branches:
Dungeon (2/15)

Altars:

Annotations:
D:2 Natasha


Innate Abilities, Weirdness & Mutations

You cannot wear armour.
You are incapable of wielding weapons or throwing items.
Your paws allow you to move quietly. (Stealth)
You have sharp claws.
You have razor-sharp teeth.
You have supernaturally acute eyesight. (SInv)
You are carnivorous and can eat meat at any time.
You cover ground quickly.
You are covered in fur. (AC +1)
You have a slow metabolism.
Your sharp claws are effective at attacking unaware monsters.


Message History

Aiming: Magic Dart
Press: ? - help, Shift-Dir - straight line, f/p - Natasha
Aim: Natasha (moderately wounded)
The magic dart hits Natasha.
Natasha is heavily wounded.
Natasha drinks a potion.
Natasha is healed!
Casting: Magic Dart
Confirm with . or Enter, or press ? or * to list all spells.
Aiming: Magic Dart
Press: ? - help, Shift-Dir - straight line, f/p - Natasha
Aim: Natasha (moderately wounded)
The magic dart hits Natasha.
Natasha is heavily wounded.
The crimson imp misses you.
Natasha howls an incantation.
Natasha glows brightly for a moment.
Natasha stares at you and mumbles some strange words.
The magic dart hits you!
Ouch! That really hurt!
You die...

#########.######
#.......#
#####..####.#
#......####'###
#......##.....#
#......##.....#
#......##.....#
####......##.....#
....####..##....@#
(...#
#..##)...5h....#
....#
#..##..........#
....#
#..##..........#
....#
#..####+#......#
##### ####
#......# .........
.......#.


You could see Natasha and a crimson imp.

Vanquished Creatures
  2 dart slugs (D:1)
  7 bats (D:1)
  A giant cockroach (D:1)
  A goblin (D:1)
  A hobgoblin (D:1)
  5 kobolds
  A rat (D:1)
18 creatures vanquished.

Notes
Turn   | Place    | Note
-------+----------+-------------------------------------------
     0 | D:1      | empire the Felid Conjurer began the quest for the Orb.
     0 | D:1      | Reached XP level 1. HP: 7/7 MP: 4/4
   420 | D:1      | Reached XP level 2. HP: 11/11 MP: 4/6
   899 | D:1      | Reached skill level 4 in Conjurations
  1321 | D:2      | Noticed Natasha
  1324 | D:2      | Noticed a crimson imp
  1327 | D:2      | Killed from afar by Natasha

Skill      XL: |  1  2 |
---------------+-------+-----
Conjurations   | 4 |  4.0
Dodging        | |  2.6
Stealth        | |  2.6
Spellcasting   | |  2.6

Action                   || total
-------------------------++-------
Melee: Unarmed           ||    10
       Bite              ||     1
 Cast: Magic Dart        ||    39
  Eat: Chunk             ||     6
Armor: Skin              ||     2
Dodge: Dodged            ||    26
